 Dungeon Crawl Stone Soup version 0.18-b1-22-ge198996 (webtiles) character file.

158 manyhoops the Chucker (level 5, 0/54 HPs)
             Began as an Ogre Hunter on May 4, 2016.
             Killed from afar by an orc wizard (6 damage)
             ... with a puff of flame
             ... on level 3 of the Dungeon.
             The game lasted 00:06:04 (2997 turns).

manyhoops the Chucker (Ogre Hunter)                 Turns: 2997, Time: 00:06:07

Health: 0/54       AC:  3    Str: 23    XL:     5   Next: 39%
Magic:  5/5        EV: 10    Int: 10    God:
Gold:   172        SH:  0    Dex: 10    Spells: 0 memorised, 4 levels left

rFire  . . .     SeeInvis .     j - +0 club
rCold  . . .     Gourm    .     b - +0 robe
rNeg   . . .     Faith    .     (no shield)
rPois  .         Spirit   .     (helmet restricted)
rElec  .         Dismiss  .     (no cloak)
rCorr  .         Reflect  .     (gloves unavailable)
SustAt .         Harm     .     (boots unavailable)
MR     .....                    (no amulet)
Stlth  +.........               (no ring)
                                (no ring)

@: mighty, lethally poisoned (0 -> -27), not resistant to hostile enchantments,
very unstealthy
A: unfitting armour, tough skin 1
a: no special abilities


You were on level 3 of the Dungeon.
You were hungry.

You visited 1 branch of the dungeon, and saw 3 of its levels.

You collected 172 gold pieces.

Inventory:

Hand Weapons
 a - a +0 short sword
 j - a +0 club (weapon)
Missiles
 d - a throwing net (quivered)
Armour
 b - a +0 robe (worn)
Jewellery
 o - an uncursed ring of protection from cold {unknown}
Scrolls
 e - a scroll of remove curse {unknown}
 f - a scroll of random uselessness {unknown}
 i - 2 scrolls of blinking {unknown}
 l - a scroll of identify {unknown}
 m - a scroll of magic mapping {unknown}
 q - a scroll of enchant armour {unknown}
 r - a scroll of fog {unknown}
Potions
 p - a potion of heal wounds {unknown}
Comestibles
 g - 2 slices of pizza
 h - a meat ration
 k - a royal jelly


   Skills:
 + Level 3.8 Fighting
 + Level 2.3 Maces & Flails
 + Level 5.4 Throwing
 + Level 2.4 Dodging
 - Level 0.7 Stealth


You had 4 spell levels left.
You didn't know any spells.

Dungeon Overview and Level Annotations

Branches:
Dungeon (3/15)

Altars:
Ashenzari
Fedhas
Qazlal


Innate Abilities, Weirdness & Mutations

You are too large for most types of armour.
You have tough skin (AC +1).


Message History

The puff of flame hits you!
* * * LOW HITPOINT WARNING * * *
Throwing (i - inventory. (,) - cycle):
c - a large rock (quivered)
Press: ? - help, Shift-Dir - straight line, f/p - orc wizard
Aim: an orc wizard, wielding an enchanted dagger and wearing a robe You throw a large rock.
The large rock barely misses the orc wizard.
* * * LOW HITPOINT WARNING * * *
You feel very sick.
The kobold shoots a poisoned needle.
The poisoned needle hits you!
You are more poisoned.
The kobold shoots a poisoned needle.
The poisoned needle hits you.
You are more poisoned.
It was a potion of might.
You feel very mighty all of a sudden.
* * * LOW HITPOINT WARNING * * *
You feel sick.
The orc wizard points at you and mumbles some strange words.
The puff of flame hits you!
You die...

#[ .## #.##.## ..#
#.#...#
.#.###...... o.
#.........
####.##.##.#......
#.(.....# ...#...#
#o# #.##.## #@#
#...... #)#
######. #.#
........ #.#
#######. #.# ##
#.# # #.# #K# #.#


You could see an orc wizard and a kobold.

Vanquished Creatures
  3 adders (D:2)
  4 gnolls
  4 worms (D:2)
  A dart slug (D:2)
  5 giant geckos
  3 orcs (D:3)
  3 giant cockroaches (D:2)
  6 goblins
  7 hobgoblins
  5 jackals
  2 quokkas
  2 ball pythons
  8 bats
  2 giant newts
  8 kobolds
  5 rats
68 creatures vanquished.

Notes
Turn   | Place    | Note
--------------------------------------------------------------
     0 | D:1      | manyhoops the Ogre Hunter began the quest for the Orb.
     0 | D:1      | Reached XP level 1. HP: 22/22 MP: 1/1
    46 | D:1      | Reached XP level 2. HP: 17/29 MP: 2/2
  1378 | D:2      | Found a blossoming altar of Fedhas.
  1378 | D:2      | Found a stormy altar of Qazlal.
  1398 | D:2      | Reached XP level 3. HP: 37/37 MP: 3/3
  1404 | D:2      | Found a shattered altar of Ashenzari.
  1591 | D:2      | Reached skill level 5 in Throwing
  1638 | D:2      | Reached skill level 1 in Maces & Flails
  1638 | D:2      | Reached XP level 4. HP: 32/45 MP: 4/4
  2473 | D:2      | Reached XP level 5. HP: 52/53 MP: 5/5
  2997 | D:3      | Killed from afar by an orc wizard

Skill      XL: |  1  2  3  4  5 |
---------------+----------------+-----
Fighting       | 3 |  3.8
Throwing       | 5 |  5.4
Maces & Flails | 1 2 |  2.3
Dodging        | 2 |  2.4
Stealth        | |  0.7

Action                   |  1- 3 |  4- 6 || total
-------------------------+-------+-------++-------
Melee: Short sword       |    42 |       ||    42
       Club              |    70 |   168 ||   238
Throw: Large rock        |    14 |    14 ||    28
       Throwing net      |       |     2 ||     2
  Use: Potion            |       |     1 ||     1
 Stab: Sleeping          |     1 |     1 ||     2
  Eat: Bread ration      |     1 |       ||     1
       Chunk             |       |     2 ||     2
Armor: Robe              |    52 |    71 ||   123
Dodge: Dodged            |    87 |   114 ||   201
